 Dungeon Crawl Stone Soup version 0.21-a0-509-gecc5317 (webtiles) character file.

88349 tof the Fencer (level 15, 0/136 HPs)
             Began as a Minotaur Monk on Nov 29, 2017.
             Was the Champion of Hepliaklqana.
             Killed by divine providence
             ... invoked by an orc high priest
              (14 damage)
             ... on level 2 of the Orcish Mines.
             The game lasted 01:12:27 (27132 turns).

tof the Fencer (Minotaur Monk)                     Turns: 27132, Time: 01:12:28

Health: 0/136      AC:  9    Str: 17    XL:     15   Next: 46%
Magic:  15/19      EV: 22    Int:  8    God:    Hepliaklqana [******]
Gold:   1660       SH:  0    Dex: 24    Spells: 5/14 levels left

rFire    + . .     SeeInvis .   y - +5 demon blade (vamp)
rCold    . . .     Gourm    +   (no shield)
rNeg     . . .     Faith    .   O - +0 ring mail {rPois}
rPois    +         Spirit   .   i - +2 hat
rElec    .         Reflect  .   I - +0 cloak
rCorr    .         Harm     .   V - +2 pair of gloves {Dex+3}
MR       ++...                  N - +1 pair of boots of Vygy Himupt {Dex+4}
Stlth    ++........             x - amulet of the gourmand
HPRegen  0.32/turn              T - +6 ring of protection
MPRegen  0.16/turn              k - ring of protection from magic

@: about to teleport, corroded, studying Ice Magic
A: retaliatory headbutt, reduced essence, horns 2, yellow scales 1, fire
resistance 1, robust 1, subdued magic 1
a: Recall Ancestor, Ancestor Identity, Transference, Idealise, Renounce Religion


You were on level 2 of the Orcish Mines.
You worshipped Hepliaklqana.
Hepliaklqana was exalted by your worship.
You were completely stuffed.

You visited 3 branches of the dungeon, and saw 22 of its levels.
You also visited: Labyrinth, Sewer and Ice Cave.

You collected 1660 gold pieces.

Inventory:

Hand Weapons
 y - a +5 vampiric demon blade (weapon)
Missiles
 X - 8 javelins (quivered)
Armour
 i - a +2 hat (worn)
 I - a +0 cloak (worn)
 N - the +1 pair of boots of Vygy Himupt (worn) {Dex+4}
   (You found it on level 12 of the Dungeon)

   It affects your dexterity (+4).
 O - a +0 ring mail of poison resistance (worn)
 V - a +2 pair of gloves of dexterity (worn)
Jewellery
 k - a ring of protection from magic (right hand)
 x - an amulet of the gourmand (around neck)
 E - an uncursed ring of protection from fire
 Q - a +3 amulet of reflection
 S - an uncursed ring of ice
 T - a +6 ring of protection (left hand)
Wands
 p - a wand of iceblast (51)
 s - a wand of enslavement (17)
 u - a wand of random effects (86)
 D - a wand of polymorph (51)
 L - a wand of clouds (5)
 M - a wand of digging (9)
 R - a wand of disintegration (27)
 U - a wand of acid (8)
Scrolls
 a - 2 scrolls of enchant armour
 b - 6 scrolls of amnesia
 e - 11 scrolls of remove curse
 j - 2 scrolls of blinking
 l - 7 scrolls of teleportation
 t - a scroll of holy word
 v - 4 scrolls of fear
 A - a scroll of identify
 W - 3 scrolls of magic mapping
Potions
 d - 8 potions of flight
 g - 14 potions of curing
 h - 5 potions of magic
 n - 2 potions of invisibility
 w - a potion of berserk rage
 z - 2 potions of agility
 B - 4 potions of ambrosia
 G - 5 potions of brilliance
 H - 2 potions of might
 K - 3 potions of haste
Books
 r - a book of Frost

   Spells                             Type                      Level
   a - Freeze                         Ice                          1
   b - Throw Frost                    Conjuration/Ice              2
   c - Ozocubu's Armour               Charms/Ice                   3
   d - Throw Icicle                   Conjuration/Ice              4
   e - Summon Ice Beast               Ice/Summoning                4
 C - a manual of Ice Magic
 J - a manual of Ice Magic
 P - a book of Callings

   Spells                             Type                      Level
   a - Summon Small Mammal            Summoning                    1
   b - Call Imp                       Summoning                    2
   c - Call Canine Familiar           Summoning                    3
   d - Summon Guardian Golem          Hexes/Summoning              3
   e - Summon Lightning Spire         Summoning/Air                4
   f - Summon Ice Beast               Ice/Summoning                4
 Z - the Disquisition on the Poisonous Glacier
   (You found it in a labyrinth)

   Spells                             Type                      Level
   a - Throw Frost                    Conjuration/Ice              2
   b - Ozocubu's Armour               Charms/Ice                   3
   c - Throw Icicle                   Conjuration/Ice              4
   d - Metabolic Englaciation         Hexes/Ice                    5
   e - Alistair's Intoxication        Transmutation/Poison         5
   f - Simulacrum                     Ice/Necromancy               6
Miscellaneous
 F - a lightning rod (4/4)
Comestibles
 c - 11 bread rations
 f - 29 fruits
 m - 12 royal jellies
 o - 13 meat rations
 q - 16 chunks of flesh


   Skills:
 + Level 13.6 Fighting
 - Level 17.5 Long Blades
 - Level 12.7 Armour
 - Level 12.2 Dodging
 - Level 1.5 Stealth
   Level 3.2 Shields
 + Level 7.2 Summonings
 * Level 8.2 Ice Magic
 - Level 6.8 Invocations


You had 5 spell levels left.
You knew the following spells:

 Your Spells              Type           Power        Failure   Level  Hunger
a - Summon Small Mammal   Summ           #...         2%          1    ##.....
b - Call Imp              Summ           #.......     4%          2    ###....
c - Throw Frost           Conj/Ice       #.....       16%         2    ###....
d - Summon Ice Beast      Ice/Summ       #.......     24%         4    #####..


Dungeon Overview and Level Annotations

Branches:
Dungeon (14/15)            Temple (0/1) D:6            Lair (6/6) D:9
  Swamp (0/4) Lair:3       Spider (0/4) Lair:2        Slime (0/5) Lair:6
    Orc (2/2) D:10         Vaults (0/5) D:13
    Elf: Orc:2

Altars:
Cheibriados
Dithmenos
Elyvilon
Fedhas
Hepliaklqana
Nemelex Xobeh
Qazlal
Sif Muna
Trog
Uskayaw
Xom
Yredelemnul
Zin
Beogh

Shops:
D:4 (   D:13 ?   Orc:2 [*

Portals:
Trove: D:12 (give +2 fire dragon scales)


Innate Abilities, Weirdness & Mutations

You reflexively headbutt those who attack you in melee.
You have a pair of horns on your head.
Your life essence is reduced to manifest your ancestor. (-10% HP)
You are partially covered in yellow scales. (AC +2)
Your flesh is heat resistant. (rF+)
You are robust. (+10% HP)
Your spells are a little easier to cast, but a little less powerful.


Message History

You headbutt the hellwing, but do no damage.
You riposte.
You hit the hellwing but do no damage. The hellwing closely misses you.
The orc high priest intones a terrible prayer.
The orc priest looks satisfied for a moment.
You see here a leather armour.
You hit the ice devil but do no damage.
An orc comes into view.
As you read the scroll of teleportation, it crumbles to dust.
You feel strangely unstable.
The orc high priest no longer looks unusually strong.
The sixfirhy hits you.
* * * LOW HITPOINT WARNING * * *
The sixfirhy shocks you!
* * * LOW HITPOINT WARNING * * *
The orc warlord roars a battlecry!
The orc high priest goes into a battle-frenzy!
The orc high priest calls down the wrath of Beogh upon you.
Beogh smites you!
You die...

.### #### ... ... ... ...
######.# #.# #.# ####
∩....#.# #.# #.# _..#
.....#.###.###.# 3..#
..)..#.........# o..
.)55.#.###.###.###4###..#
##)###.# #.# #.)@ooo.o..#
.)÷5...# #.# #†)834o8o.o.
##)##.5###.###...o4.....#
.)))#..5..........o.....#
....#..#######.###.###..#
∩...#..# #.# .# .#
#####..#### #.# .# #
........... ... ..
...........


You could see an orc warlord, an orc high priest, a hellwing, an ice devil, a
rust devil, a sixfirhy, an orc warrior, an orc priest and 5 orcs.

Vanquished Creatures
  Kirke (Lair:5)
  3 dire elephants (Lair:6)
  A minotaur (Lab)
  Snorg (Lair:5)
  A yaktaur captain (D:13)
  Josephine (Lair:5)
  An ice dragon (Lair:6)
  3 hydras
  A centaur warrior (D:14)
  7 two-headed ogres
  A death knight (D:13)
  An ogre mage (D:10)
  2 death yaks (Lair:6)
  The ghost of zero the Geomancer, a journeyman GrEE of Vehumet (Lair:1)
  2 orc high priests (Orc:2)
  An unseen horror (D:10)
  2 orc knights
  Pikel (D:5)
  A necromancer (IceCv)
  2 ugly things
  5 cyclopes
  8 elephants
  2 black mambas
  Maurice (D:9)
  7 gargoyles
  Psyche (D:11)
  3 spiny frogs
  6 komodo dragons
  A rime drake (Lair:1)
  2 yaktaurs (D:13)
  7 freezing wraiths
  A troll (Orc:2)
  5 jumping spiders (Lair:2)
  Prince Ribbit (D:5)
  A blink frog (Lair:6)
  A hippogriff (shapeshifter) (D:10)
  9 polar bears
  6 hippogriffs
  2 redbacks (Lair:2)
  Sigmund (D:6)
  A shadow (D:11)
  2 wyverns
  3 basilisks
  3 wraiths
  30 yaks
  A fire elemental (Lair:5)
  2 hogs
  Eustachio (D:4)
  Grum (D:10)
  3 vampire mosquitoes (D:13)
  4 hungry ghosts
  Menkaure (D:5)
  2 death yak simulacra (IceCv)
  7 wargs
  12 water moccasins
  5 porcupines
  An eye of draining (D:11)
  7 orc warriors
  A sky beast (D:7)
  2 phantoms
  The ghost of tof the Poker, an amateur MiMo (D:3)
  A black bear (D:9)
  3 ice beasts (IceCv)
  15 ogres
  8 centaurs
  8 wolves
  9 crocodiles
  Blork the orc (D:6)
  3 big kobolds
  15 bullfrogs
  A gnoll sergeant (D:13)
  7 scorpions
  10 killer bees
  3 wights (D:6)
  7 howler monkeys
  6 electric eels
  3 crimson imps
  2 centaur zombies
  A bullfrog zombie (D:12)
  4 jellies (D:9)
  13 orc wizards
  21 orc priests
  A hound (D:4)
  5 bullfrog skeletons
  3 centaur skeletons
  5 iguanas
  8 worker ants
  A polar bear simulacrum (IceCv)
  A spriggan simulacrum (IceCv)
  3 troll simulacra (IceCv)
  3 centaur simulacra (IceCv)
  A hound zombie (D:8)
  5 gnolls
  3 naga simulacra (IceCv)
  2 river rats (Sewer)
  8 adders
  3 ogre simulacra (IceCv)
  3 shadow imps
  5 white imps (IceCv)
  3 oozes
  2 adder skeletons
  An adder zombie (D:6)
  2 worms
  2 dart slugs
  9 leopard geckos
  58 orcs
  9 ball pythons
  6 bats
  4 giant cockroaches
  6 goblins
  3 hobgoblins
  8 jackals
  23 kobolds
  2 quokkas
  19 frilled lizards
  A jackal skeleton (D:7)
  A leopard gecko skeleton (D:8)
  21 rats
  A butterfly (Lair:2)
  3 plants
579 creatures vanquished.

Vanquished Creatures (collateral kills)
  2 dire elephants (Lair:6)
  3 hydras
  An anaconda (Lair:6)
  A catoblepas (D:14)
  2 death yaks
  5 two-headed ogres
  2 orc high priests (Orc:2)
  A tengu warrior (D:14)
  2 ugly things (D:13)
  2 oklob plants
  A deep elf mage (D:11)
  2 elephants
  A centaur zombie (D:14)
  Joseph (D:9)
  A black mamba (Lair:3)
  An ice statue (IceCv)
  3 spiny frogs
  4 komodo dragons
  5 freezing wraiths (IceCv)
  4 trolls
  2 hippogriffs
  4 dream sheep (Lair:6)
  4 blink frogs (Lair:6)
  3 wraiths
  A wyvern (Lair:6)
  13 yaks
  2 basilisks
  A human (D:8)
  4 hogs
  A steam dragon (Lair:4)
  A vampire mosquito (D:13)
  An acid dragon (D:12)
  3 water moccasins
  4 orc warriors
  A sky beast (D:13)
  2 porcupines
  3 ice beasts (IceCv)
  A black bear (Lair:1)
  A hornet zombie (D:13)
  6 ogres
  2 wolves (Lair:3)
  2 crocodiles
  2 bullfrogs
  A scorpion (D:11)
  4 killer bees
  An electric eel (D:9)
  2 crimson imps (D:7)
  A hound (D:11)
  3 jellies
  6 orc wizards
  8 orc priests
  2 iguanas
  3 troll simulacra (IceCv)
  A polar bear simulacrum (IceCv)
  A worker ant (D:14)
  A centaur simulacrum (IceCv)
  3 gnolls (D:13)
  2 adders (D:5)
  An ogre simulacrum (IceCv)
  4 river rats
  2 naga simulacra (IceCv)
  2 shadow imps
  7 white imps (IceCv)
  An ooze (D:5)
  17 orcs
  A ball python (Sewer)
  2 jackals (D:5)
  7 kobolds
  2 quokkas (D:5)
  A leopard gecko skeleton (D:5)
  9 rats
  A butterfly (Lair:2)
204 creatures vanquished.

Vanquished Creatures (others)
  A human (Lair:5)
  A slave (D:5)
  A bullfrog (Lair:5)
  21 battlemagi
  2 orcs
  11 fungi
  11 plants
48 creatures vanquished.

Grand Total: 831 creatures vanquished

Notes
Turn   | Place    | Note
-------+----------+-------------------------------------------
     0 | D:1      | tof the Minotaur Monk began the quest for the Orb.
     0 | D:1      | Reached XP level 1. HP: 19/19 MP: 0/0
   217 | D:1      | Reached XP level 2. HP: 27/27 MP: 1/1
   242 | D:1      | Reached skill level 4 in Long Blades
   371 | D:1      | Reached skill level 1 in Armour
   972 | D:2      | Reached XP level 3. HP: 31/33 MP: 2/2
   978 | D:2      | Found a shadowy altar of Dithmenos.
  1042 | D:2      | Found a glowing silver altar of Zin.
  1355 | D:2      | Reached XP level 4. HP: 40/40 MP: 3/3
  1721 | D:3      | Reached skill level 5 in Long Blades
  1760 | D:3      | Found a blossoming altar of Fedhas.
  1892 | D:3      | Noticed tof's ghost (amateur MiMo)
  1922 | D:3      | Killed tof's ghost
  1922 | D:3      | Reached XP level 5. HP: 13/47 MP: 4/4
  2737 | D:4      | Found a deep blue altar of Sif Muna.
  2766 | D:4      | Reached XP level 6. HP: 54/55 MP: 3/5
  2844 | D:4      | Reached skill level 6 in Long Blades
  2896 | D:4      | Reached skill level 5 in Fighting
  2910 | D:4      | Found Iseufem's Antique Weapon Emporium.
  3149 | D:5      | Entered Level 5 of the Dungeon
  3152 | D:5      | Noticed Menkaure
  3159 | D:5      | Killed Menkaure
  3240 | D:5      | Reached XP level 7. HP: 61/61 MP: 6/6
  3278 | D:5      | Found a hazy altar of Hepliaklqana.
  3281 | D:5      | Became a worshipper of Hepliaklqana the Forgotten
  3281 | D:5      | Reached * piety under Hepliaklqana
  3281 | D:5      | Reached ** piety under Hepliaklqana
  3282 | D:5      | Remembered your ancestor Xiuhtonal as a battlemage
  3451 | D:5      | Reached skill level 5 in Dodging
  3475 | D:5      | Noticed Pikel
  3494 | D:5      | Killed Pikel
  3494 | D:5      | Reached skill level 7 in Long Blades
  3494 | D:5      | Reached XP level 8. HP: 4/63 MP: 1/7
  3894 | D:5      | Noticed Prince Ribbit
  3901 | D:5      | Killed Prince Ribbit
  3901 | D:5      | Reached skill level 8 in Long Blades
  3901 | D:5      | Reached skill level 5 in Armour
  4015 | D:5      | Noticed Eustachio
  4041 | D:4      | Killed Eustachio
  4117 | D:5      | Reached skill level 9 in Long Blades
  4203 | D:6      | Found a bloodstained altar of Trog.
  4270 | D:6      | Found a glowing drain.
  4281 | Sewer    | Entered a sewer
  4962 | D:6      | Noticed Blork the orc
  4972 | D:6      | Killed Blork the orc
  4972 | D:6      | Reached XP level 9. HP: 61/71 MP: 5/8
  5000 | D:6      | Noticed Sigmund
  5007 | D:6      | Killed Sigmund
  5026 | D:6      | Found a basalt altar of Yredelemnul.
  5026 | D:6      | Found a shimmering altar of Xom.
  5026 | D:6      | Found a hide-covered altar of Uskayaw.
  5027 | D:6      | Found a white marble altar of Elyvilon.
  5078 | D:6      | Reached *** piety under Hepliaklqana
  5084 | D:6      | Found a staircase to the Ecumenical Temple.
  5300 | D:7      | Reached skill level 10 in Long Blades
  6190 | D:8      | Reached skill level 11 in Long Blades
  6197 | D:8      | Reached XP level 10. HP: 76/81 MP: 9/9
  6472 | D:8      | Learned a level 1 spell: Summon Small Mammal
  6871 | D:9      | Reached **** piety under Hepliaklqana
  6945 | D:9      | Noticed Maurice
  6953 | D:9      | Killed Maurice
  7042 | D:9      | Found a stormy altar of Qazlal.
  7048 | D:9      | Noticed Joseph
  7051 | D:9      | Reached skill level 1 in Summonings
  7052 | D:9      | Found a staircase to the Lair.
  7072 | D:9      | Killed Joseph
  7072 | D:9      | Reached skill level 12 in Long Blades
  7236 | Lair:1   | Entered Level 1 of the Lair of Beasts
  7276 | Lair:1   | Noticed a spiny frog
  7281 | Lair:1   | Killed a spiny frog
  7375 | Lair:1   | Noticed zero's ghost (journeyman GrEE)
  7387 | Lair:1   | Killed zero's ghost
  7795 | Lair:1   | Reached XP level 11. HP: 26/87 MP: 10/10
  8495 | Lair:1   | Reached skill level 13 in Long Blades
  8906 | Lair:2   | Found a labyrinth entrance.
  8936 | Lab      | Entered a labyrinth
  9127 | Lab      | Noticed a minotaur
  9160 | Lab      | Killed a minotaur
  9160 | Lab      | Reached skill level 10 in Fighting
  9359 | Lab      | Identified the Disquisition on the Poisonous Glacier
  9437 | Lair:2   | Reached skill level 1 in Invocations
  9593 | Lair:2   | Found a hole to the Spider Nest.
  9909 | Lair:2   | Noticed an oklob plant
  9924 | Lair:2   | Killed an oklob plant
 10193 | Lair:2   | Gained mutation: Armour fits poorly on your strangely shaped body. [potion of mutation]
 10193 | Lair:2   | Gained mutation: Your spells are a little easier to cast, but a little less powerful. [potion of mutation]
 10193 | Lair:2   | Gained mutation: Your mind is acute. (Int +2) [potion of mutation]
 10193 | Lair:2   | Gained mutation: You are resistant to electric shocks. (rElec) [potion of mutation]
 10271 | Lair:2   | Reached ***** piety under Hepliaklqana
 10300 | Lair:2   | Noticed a four-headed hydra
 10305 | Lair:2   | Killed a seven-headed hydra
 11089 | Lair:3   | Found a staircase to the Swamp.
 11103 | Lair:3   | Reached skill level 14 in Long Blades
 11188 | Lair:3   | Noticed a five-headed hydra
 11196 | Lair:3   | Killed an eight-headed hydra
 11196 | Lair:3   | Reached skill level 10 in Armour
 11196 | Lair:3   | Reached XP level 12. HP: 70/97 MP: 13/13
 11316 | Lair:3   | Lost mutation: You are resistant to electric shocks. (rElec) [potion of mutation]
 11316 | Lair:3   | Lost mutation: Your mind is acute. (Int +2) [potion of mutation]
 11316 | Lair:3   | Lost mutation: Armour fits poorly on your strangely shaped body. [potion of mutation]
 11316 | Lair:3   | Gained mutation: Your flesh is heat resistant. (rF+) [potion of mutation]
 11316 | Lair:3   | Gained mutation: You are partially covered in yellow scales. (AC +2) [potion of mutation]
 11316 | Lair:3   | Gained mutation: You are robust. (+10% HP) [potion of mutation]
 11675 | Lair:3   | Noticed a four-headed hydra
 11730 | Lair:4   | Reached skill level 10 in Dodging
 12347 | Lair:3   | Killed a 17-headed hydra
 13003 | Lair:4   | Learned a level 2 spell: Call Imp
 13581 | Lair:5   | Noticed Josephine
 13588 | Lair:5   | Killed Josephine
 13691 | Lair:5   | Noticed Kirke
 13696 | Lair:5   | Noticed a sphinx
 13697 | Lair:5   | Paralysed by a sphinx for 7 turns
 13708 | Lair:5   | Killed Kirke
 13708 | Lair:5   | Reached skill level 15 in Long Blades
 14248 | Lair:5   | Reached XP level 13. HP: 116/116 MP: 15/15
 14409 | Lair:5   | Noticed Snorg
 14422 | Lair:5   | Killed Snorg
 14422 | Lair:5   | Reached skill level 5 in Invocations
 14794 | Lair:6   | Entered Level 6 of the Lair of Beasts
 14809 | Lair:6   | Reached skill level 5 in Summonings
 15065 | Lair:6   | Found a frozen archway.
 15264 | IceCv    | Entered an ice cave
 16156 | IceCv    | Found an ancient bone altar of Kikubaaqudgha.
 17427 | Lair:6   | Reached skill level 16 in Long Blades
 17504 | Lair:6   | Reached skill level 1 in Ice Magic
 17920 | Lair:6   | Learned a level 2 spell: Throw Frost
 18560 | Lair:6   | Noticed a dire elephant
 18560 | Lair:6   | Noticed a dire elephant
 18604 | Lair:6   | Noticed a dire elephant
 18946 | Lair:6   | Found a staircase to the Slime Pits.
 19211 | Lair:6   | Noticed a dire elephant
 19217 | Lair:6   | Noticed a dire elephant
 19232 | Lair:6   | Killed a dire elephant
 19232 | Lair:6   | Reached XP level 14. HP: 83/127 MP: 17/17
 20301 | D:9      | Reached ****** piety under Hepliaklqana
 20549 | D:9      | Found a sparkling altar of Nemelex Xobeh.
 20620 | D:10     | Entered Level 10 of the Dungeon
 21138 | D:10     | Noticed Grum
 21147 | D:10     | Killed Grum
 21296 | D:10     | Found a staircase to the Orcish Mines.
 21335 | D:10     | Found a snail-covered altar of Cheibriados.
 21479 | D:10     | Found a roughly hewn altar of Beogh.
 21732 | D:10     | Identified the Compendium of Bewitchment and Protection
 21761 | D:10     | Got a translucent sapphire amulet
 21769 | D:10     | Identified the amulet "Dineim" {+Rage Int+4 Dex-2} (You found it on level 10 of the Dungeon)
 22166 | D:11     | Noticed Psyche
 22174 | D:11     | Killed Psyche
 22908 | D:11     | Reached skill level 17 in Long Blades
 23450 | D:12     | Reached skill level 5 in Ice Magic
 23590 | D:12     | Found a portal to a secret trove of treasure.
 23603 | D:12     | Got a pair of warped boots
 23614 | D:12     | Identified the +1 pair of boots of Vygy Himupt {Dex+4} (You found it on level 12 of the Dungeon)
 24418 | D:13     | Learned a level 4 spell: Summon Ice Beast
 24650 | D:13     | HP: 4/129 [death knight/vampiric halberd (16)]
 25188 | D:13     | Reached XP level 15. HP: 123/135 MP: 19/19
 25222 | D:13     | Found Akaenuk's Magic Scroll Boutique.
 25301 | D:13     | Found a gate to the Vaults.
 26048 | D:14     | Reached skill level 1 in Shields
 26172 | Orc:1    | Entered Level 1 of the Orcish Mines
 26688 | Orc:2    | Entered Level 2 of the Orcish Mines
 26945 | Orc:2    | Found Loc Kak's General Store.
 26945 | Orc:2    | Found Taruy's Armour Shoppe.
 27080 | Orc:2    | Noticed an orc warlord
 27094 | Orc:2    | Found a roughly hewn altar of Beogh.
 27132 | Orc:2    | Killed from afar by an orc high priest

Vault maps used:
D:1:      dpeg_arrival_simpleton_b, minmay_fountain_box
D:2:      nicolae_dithmenos_through_a_glass_darkly, old_standard_altar,
          first_bread, minmay_lizard_king
D:3:      fedhas_altar_2
D:4:      led_sif_pool, serial_shops, shop
D:5:      kennysheep_mini_moat, uniq_prince_ribbit1, uniq_pikel, uniq_eustachio,
          uniq_menkaure
D:6:      grunt_temple_overflow_open, portal_sewer_entry_e, uniq_sigmund,
          uniq_blork_the_orc
D:8:      grunt_livestock
D:9:      nicolae_qazlal_eye_of_the_storm, marbit_many_paths,
          david_lair_shrubbed, minmay_misc_feat_encased, disabler_island,
          uniq_joseph, uniq_maurice
D:10:     minmay_the_grid_triangle_9x9_recursive_2,
          minmay_orc_entry_temple_small, kennysheep_decorative_pillar,
          lemuel_tele_altar, uniq_grum
D:11:     uniq_psyche
D:12:     nicolae_trove_entry_crossroad
D:13:     david_vaults_2, serial_shops, shop, minmay_misc_feat_room
D:14:     hangedman_decor_points, kennysheep_generic_room_15
Lair:1:   beast_lair_carwin_large_2, serial_bayou_pond_e,
          infiniplex_staircase_pool
Lair:2:   beast_lair_carwin_large_1, nicolae_spider_entry_tight_spaces,
          lab_entry_generic, minmay_lair_oklob_items, lemuel_fruit_fields
Lair:3:   swamp_mist, serial_bayou_pond_d
Lair:5:   uniq_snorg, uniq_josephine, uniq_kirke
Lair:6:   due_jungle_book, dpeg_slime_entry_corner,
          portal_ice_cave_entry_animals_and_master
Orc:1:    cheibrodos_orc_guarddog, basic_altar,
          chequers_guarded_unrand_ignorance
Orc:2:    st_orc_town, basic_altar
Lab:      nicolae_lab_dead_adventurers, labyrinth_glass_1
Sewer:    sewer_minmay_treatment
IceCv:    ice_cave_small_necro

Skill      XL: |  1  2  3  4  5  6  7  8  9 10 11 12 13 14 15 |
---------------+----------------------------------------------+-----
Long Blades    | 4 5 6 7 9 11 12 14 15 16 17 | 17.5
Armour         | 1 2 3 4 6 7 8 10 11 12 | 12.7
Fighting       | 4 5 6 7 8 9 10 11 12 13 | 13.6
Dodging        | 4 5 6 7 8 9 10 11 12 | 12.2
Summonings     | 2 3 4 5 6 7 |  7.2
Invocations    | 3 4 6 |  6.8
Ice Magic      | 2 6 8 |  8.2
Shields        | 3 |  3.2
Stealth        | |  1.5

Action                   |  1- 3 |  4- 6 |  7- 9 | 10-12 | 13-15 || total
-------------------------+-------+-------+-------+-------+-------++-------
Melee: Falchion          |     6 |       |       |       |       ||     6
       Short sword       |    55 |   157 |   127 |       |       ||   339
       Headbutt          |    10 |    29 |    39 |   100 |   353 ||   531
       Great sword       |       |       |    50 |   323 |   285 ||   658
       Demon blade       |       |       |       |       |   683 ||   683
Throw: Tomahawk          |       |     4 |       |     1 |       ||     5
       Javelin           |       |       |       |       |     2 ||     2
 Cast: Summon Small Mamm |       |       |       |     9 |     1 ||    10
       Call Imp          |       |       |       |     3 |    93 ||    96
       Summon Ice Beast  |       |       |       |       |     1 ||     1
Invok: Ancestor Life: Ba |       |       |     1 |       |       ||     1
       Recall Ancestor   |       |       |       |       |     1 ||     1
  Use: Scroll            |       |     8 |     3 |    14 |    13 ||    38
       Potion            |       |       |       |    13 |     4 ||    17
 Stab: Sleeping          |     1 |       |       |       |     7 ||     8
       Distracted        |       |       |     2 |     9 |    10 ||    21
  Eat: Chunk             |     1 |     6 |    27 |    29 |    67 ||   130
Armor: Scale mail        |    25 |    68 |   100 |    14 |       ||   207
       Ring mail         |       |       |       |   221 |   317 ||   538
Dodge: Dodged            |    36 |    84 |   175 |   448 |   893 ||  1636
Block: Other             |       |       |       |       |     1 ||     1
       Shield            |       |       |       |       |    35 ||    35
       Rpst.: Falchion   |     2 |       |       |       |       ||     2
       Great sword       |       |       |     8 |    73 |    72 ||   153
       Demon blade       |       |       |       |       |   128 ||   128

Table legend:
 A = Spawn XP
 B = Non-spawn XP
 C = Spawn XP percentage of total XP
 D = Spawn monster count
 E = Non-spawn monster count
 F = Spawn count percentage of total count
 G = Total turns spent on level
                    A         B        C        D         E        F      G
               +---------+---------+-------+---------+---------+-------+---------
         Total |       0 |  126213 |   0.0 |       0 |     778 |   0.0 | 27132
               +---------+---------+-------+---------+---------+-------+---------
           D:1 |       0 |      30 |   0.0 |       0 |      15 |   0.0 |   922
           D:2 |       0 |      91 |   0.0 |       0 |      34 |   0.0 |   719
           D:3 |       0 |     223 |   0.0 |       0 |      22 |   0.0 |   972
           D:4 |       0 |     525 |   0.0 |       0 |      15 |   0.0 |   594
           D:5 |       0 |    1453 |   0.0 |       0 |      24 |   0.0 |   996
           D:6 |       0 |     665 |   0.0 |       0 |      19 |   0.0 |   470
           D:7 |       0 |    1386 |   0.0 |       0 |      26 |   0.0 |   926
           D:8 |       0 |    2051 |   0.0 |       0 |      23 |   0.0 |   691
           D:9 |       0 |    4689 |   0.0 |       0 |      32 |   0.0 |  1126
          D:10 |       0 |    9449 |   0.0 |       0 |      46 |   0.0 |  1594
          D:11 |       0 |    5437 |   0.0 |       0 |      47 |   0.0 |  1161
          D:12 |       0 |    5757 |   0.0 |       0 |      38 |   0.0 |  1175
          D:13 |       0 |   12396 |   0.0 |       0 |      56 |   0.0 |  1059
          D:14 |       0 |    6090 |   0.0 |       0 |      19 |   0.0 |   598
        Lair:1 |       0 |    5171 |   0.0 |       0 |      23 |   0.0 |  1568
        Lair:2 |       0 |    5951 |   0.0 |       0 |      24 |   0.0 |  1803
        Lair:3 |       0 |    3911 |   0.0 |       0 |      13 |   0.0 |  1196
        Lair:4 |       0 |    6984 |   0.0 |       0 |      27 |   0.0 |  1401
        Lair:5 |       0 |    9172 |   0.0 |       0 |      23 |   0.0 |  1735
        Lair:6 |       0 |   23802 |   0.0 |       0 |      60 |   0.0 |  2411
         Orc:1 |       0 |    6866 |   0.0 |       0 |      24 |   0.0 |   481
         Orc:2 |       0 |    6478 |   0.0 |       0 |      65 |   0.0 |   444
           Lab |       0 |    1138 |   0.0 |       0 |       1 |   0.0 |   429
         Sewer |       0 |     231 |   0.0 |       0 |      48 |   0.0 |   578
         IceCv |       0 |    6267 |   0.0 |       0 |      54 |   0.0 |  2083
               +---------+---------+-------+---------+---------+-------+---------
